 Dungeon Crawl Stone Soup version 0.23-a0-29-g1be82e5 (webtiles) character file.

102 Amnesiac the Digger (level 4, -9/30 HPs)
             Began as a Mummy Earth Elementalist on Aug 3, 2018.
             Killed by divine providence
             ... invoked by an orc priest
              (15 damage)
             ... on level 5 of the Dungeon.
             The game lasted 00:03:00 (1218 turns).

Amnesiac the Digger (Mummy Earth Elementalist)      Turns: 1218, Time: 00:03:00

Health: -9/30      AC:  3    Str: 11    XL:     4   Next: 49%
Magic:  9/9        EV: 12    Int: 15    God:
Gold:   62         SH:  0    Dex: 12    Spells: 4/10 levels left

rFire    x . .     SeeInvis .   a - +0 mace
rCold    + . .     Gourm    .   (no shield)
rNeg     + + +     Faith    .   c - +0 robe
rPois    ∞         Spirit   .   (no helmet)
rElec    .         Reflect  .   (no cloak)
rCorr    .         Harm     .   e - +0 pair of gloves
MR       .....                  (no boots)
Stlth    ++........             (no amulet)
HPRegen  0.10/turn              (no ring)
MPRegen  0.11/turn              (no ring)

@: no status effects
A: no food or potions, fire vulnerability, cold resistance 1, negative energy
resistance 3, torment resistance, unbreathing
a: no special abilities


You were on level 5 of the Dungeon.
You were not hungry.

You visited 1 branch of the dungeon, and saw 5 of its levels.

You collected 62 gold pieces.

Inventory:

Hand Weapons
 a - a +0 mace (weapon)
Missiles
 b - 42 stones (quivered)
Armour
 c - a +0 robe (worn)
 e - a +0 pair of gloves (worn)
Scrolls
 f - a scroll of enchant weapon {!r}
 h - a scroll of enchant armour {!r}


   Skills:
 - Level 1.5 Dodging
 - Level 1.5 Stealth
 + Level 3.9 Spellcasting
 - Level 0.7 Transmutations
 * Level 3.9 Earth Magic


You had 4 spell levels left.
You knew the following spells:

 Your Spells              Type           Power        Failure   Level  Hunger
a - Sandblast             Erth           ##....       3%          1    N/A
b - Passwall              Tmut/Erth      #.......     11%         2    N/A
c - Stone Arrow           Conj/Erth      #.....       24%         3    N/A

Your spell library contained the following spells:

 Spells                   Type           Power        Failure   Level  Hunger
 Lee's Rapid Deconstruct  Erth           ##........   69%         5    N/A
 Petrify                  Tmut/Erth      #.......     56%         4    N/A

Dungeon Overview and Level Annotations

Branches:
Dungeon (5/15)
 Temple: D:4-7

Altars:

Shops:
D:4 *

Annotations:
D:4 Edmund


Innate Abilities, Weirdness & Mutations

You do not eat or drink.
Your flesh is vulnerable to fire.
You are immune to poison.
Your flesh is cold resistant. (rC+)
You are immune to negative energy. (rN+++)
You are immune to unholy pain and torment.
You can survive without breathing.


Message History

The hound is severely wounded.
b - 17 stones The hound bites you.
Casting: Sandblast (safe; 4% risk of failure)
Confirm with . or Enter, or press ? or * to list all spells.
Aiming: Sandblast (safe; 4% risk of failure)
Press: ? - help, Shift-Dir - straight line, f/p - hound
Aim: a hound (severely wounded)
The blast of sand hits the hound.
You kill the hound!
b - 16 stones You start resting.
Magic restored.
You start resting.
Magic restored.
You start resting.
HP restored.
Things that are here:
a club; a hound corpse; an orc skeleton
Things that are here:
a flail; an orc skeleton You see here a ration.
b - 17 stones (gained 1) Edmund the Younger comes into view.
He is wielding a flail of crushing.
What are your orders? t - Shout!
Orders for allies: a - Attack new target. r - Retreat! s - Stop attacking. g - Guard the area. f - Follow me.
Anything else - Cancel.
You shout for attention!
You hear a shout!
Edmund is nearby!
There is an escape hatch in the floor here.
You slide downwards.
The hatch slams shut behind you.
A hound, 4 orcs and an ogre come into view.
The orc wizard shouts!
The orc shouts!
An orc priest comes into view.
Found 25 stones and 6 gold pieces.
Found a stone staircase leading up.
The hound barks!
A centaur comes into view.
The orc wizard gestures at you while chanting.
You resist with some effort.
The orc priest shouts!
Found a mace and a long wooden wand.
The hound bites you. The centaur hits you.
The orc priest begins to cast a cantrip, but forgets the words!
The orc priest hits you but does no damage.
You see here 25 stones.
b - 42 stones (gained 25)
The hound bites you but does no damage. The centaur misses you.
The centaur hits you.
* * * LOW HITPOINT WARNING * * *
The hound barely misses you.
The orc priest hits you but does no damage.
Okay, then.
The centaur hits you!
* * * LOW HITPOINT WARNING * * *
The hound misses you. The centaur closely misses you.
The orc priest hits you but does no damage.
The orc priest mumbles some strange prayers to Beogh against you.
Beogh smites you!
Ouch! That really hurt!
You die...

...### ......#
#.....#.. . #.....#...
.... #.........
....####........#
#....#..........
.......@o....#.#
#.....ch..o..#$#
#####....o.....## .#
#./............##..#..
..##.....#oo....o.....
#.........##.#..#...o..
. ##.........#..# .....
#............oo..... .
.)......#..#..#.. ...


You could see a centaur, a hound, 3 orc priests, an orc wizard and an orc.

Vanquished Creatures
  A hound (D:4)
  4 adders
  A worm (D:3)
  A leopard gecko (D:3)
  5 orcs (D:4)
  2 giant cockroaches (D:1)
  3 goblins
  A hobgoblin (D:1)
  2 kobolds
  A quokka (D:3)
  4 frilled lizards
  3 rats (D:1)
28 creatures vanquished.

Notes
Turn   | Place    | Note
-------+----------+-------------------------------------------
     0 | D:1      | Amnesiac the Mummy Earth Elementalist began the quest for the Orb.
     0 | D:1      | Reached XP level 1. HP: 13/13 MP: 4/4
   120 | D:1      | Reached XP level 2. HP: 14/19 MP: 5/5
   151 | D:1      | Learned a level 2 spell: Passwall
   602 | D:3      | Reached XP level 3. HP: 19/24 MP: 3/7
   607 | D:3      | Learned a level 3 spell: Stone Arrow
   675 | D:3      | Found a faded altar of an unknown god.
   764 | D:5      | Entered Level 5 of the Dungeon
   770 | D:4      | Found Neac's General Store.
   855 | D:4      | Reached XP level 4. HP: 28/30 MP: 4/9
  1188 | D:4      | Noticed Edmund
  1206 | D:5      | Noticed an ogre
  1211 | D:5      | Noticed a centaur
  1218 | D:5      | Killed from afar by an orc priest

Vault maps used:
D:1:      saegor_arrival_simple_a, glass_columns_a
D:2:      grunt_qazlal_clouds
D:3:      grunt_temple_overflow_diamond, chequers_ecumenical_altar_simple
D:4:      serial_shops, shop, uniq_menkaure, uniq_edmund
D:5:      minmay_temple_entry_crystal_x, first_ration

Skill      XL: |  1  2 |
---------------+-------+-----
Spellcasting   | 3 |  3.9
Earth Magic    | 3 |  3.9
Dodging        | |  1.5
Stealth        | |  1.5
Transmutations | |  0.7

Action                   |  1- 3 |  4- 6 || total
-------------------------+-------+-------++-------
Melee: Whip              |    21 |       ||    21
       Unarmed           |     3 |       ||     3
       Mace              |    13 |       ||    13
Throw: Stone             |       |     3 ||     3
 Cast: Sandblast         |    32 |    16 ||    48
  Use: Scroll            |       |     4 ||     4
 Stab: Sleeping          |     2 |       ||     2
Armor: Robe              |     7 |     8 ||    15
Dodge: Dodged            |    39 |    10 ||    49

Table legend:
 A = Spawn XP
 B = Non-spawn XP
 C = Spawn XP percentage of total XP
 D = Spawn monster count
 E = Non-spawn monster count
 F = Spawn count percentage of total count
 G = Total turns spent on level
                    A         B        C        D         E        F      G
               +---------+---------+-------+---------+---------+-------+---------
         Total |       0 |     146 |   0.0 |       0 |      28 |   0.0 |  1218
               +---------+---------+-------+---------+---------+-------+---------
           D:1 |       0 |      15 |   0.0 |       0 |      10 |   0.0 |   309
           D:2 |       0 |      17 |   0.0 |       0 |       3 |   0.0 |   234
           D:3 |       0 |      53 |   0.0 |       0 |       8 |   0.0 |   392
           D:4 |       0 |      61 |   0.0 |       0 |       7 |   0.0 |   265
               +---------+---------+-------+---------+---------+-------+---------
